CAL
STOCKTON PORTS @ MODESTO NUTS
08/17/2099
 
TOP OF THE 1ST
Stockton Ports batting - Pitching for Modesto Nuts : RHP Neal Gregory
Pitching: RHP Neal Gregory
Batting: RHB Bobby Old 0-0: Foul Ball, location: 9LMF
0-1: Foul Ball, location: 23F
0-2: Strikes out looking
Batting: RHB Eddie Siegal 0-0: Ball
1-0: Foul Ball, location: 3F
1-1: Ball
2-1: DOUBLE (Flyball, 8LXD, EV 104.4 MPH)
Batting: RHB Chris Martens 0-0: Foul Ball, location: 5SF
0-1: Ball
1-1: Ground out 6-3 (Groundball, 6, EV 76.9 MPH)
Batting: RHB Vince Kallman 0-0: Called Strike
0-1: Called Strike
0-2: Ball
1-2: Strikes out swinging
Top of the 1st over - 0 runs, 1 hit, 0 errors, 1 left on base; Stockton 0 - Modesto 0
BOTTOM OF THE 1ST
Modesto Nuts batting - Pitching for Stockton Ports : LHP Mark Straka
Pitching: LHP Mark Straka
Batting: SHB John Hardy 0-0: Called Strike
0-1: Ball
1-1: Ball
2-1: Called Strike
2-2: Strikes out looking
Batting: RHB Jorge Jacobo 0-0: Ball
1-0: Foul Ball, location: 2F
1-1: Ground out 6-3 (Groundball, 6, EV 84.4 MPH)
Batting: LHB Matt Fahey 0-0: Ball
1-0: DOUBLE (Flyball, 78D, EV 101.9 MPH)
Batting: RHB Bryan Renner 0-0: Ball
1-0: Called Strike
1-1: Ball
2-1: Ground out 6-3 (Groundball, 6S, EV 68.1 MPH)
Bottom of the 1st over - 0 runs, 1 hit, 0 errors, 1 left on base; Stockton 0 - Modesto 0
TOP OF THE 2ND
Stockton Ports batting - Pitching for Modesto Nuts : RHP Neal Gregory
Batting: LHB Willie Taylor 0-0: Called Strike
0-1: Fly out, F4 (Popup, 34D, EV 69.4 MPH)
Batting: RHB Marco Ramirez 0-0: Ball
1-0: Ball
2-0: Ball
3-0: Called Strike
3-1: Base on Balls
Batting: LHB Jim Wall 0-0: Called Strike
0-1: Called Strike
0-2: Ball
1-2: Foul Ball, location: 2F
1-2: Foul Ball, location: 7LDF
1-2: Strikes out swinging
Batting: RHB Hector Ortiz 0-0: Ball
1-0: SINGLE (Groundball, 6MD, EV 103.8 MPH)
Marco Ramirez to second
Runner from 2nd tries for 3rd, SAFE, no throw by CF
Batting: RHB John Crusenberry 0-0: Called Strike
0-1: Ball
1-1: Foul Ball, location: 9LSF
1-2: Foul Ball, location: 7LMF
1-2: Strikes out swinging
Top of the 2nd over - 0 runs, 1 hit, 0 errors, 2 left on base; Stockton 0 - Modesto 0
BOTTOM OF THE 2ND
Modesto Nuts batting - Pitching for Stockton Ports : LHP Mark Straka
Batting: RHB Jesus Gutierrez 0-0: Ball
1-0: Foul Ball, location: 9LDF
1-1: Foul Ball, location: 9LDF
1-2: Ball
2-2: Foul Ball, location: 2F
2-2: Strikes out swinging
Batting: RHB Joe Couch 0-0: Ball
1-0: Ball
2-0: Foul Ball, location: 23F
2-1: Fly out, F8 (Flyball, 78D, EV 91.3 MPH)
Batting: RHB Danny Morales 0-0: Called Strike
0-1: Foul Ball, location: 5DF
0-2: Strikes out swinging
Bottom of the 2nd over - 0 runs, 0 hits, 0 errors, 0 left on base; Stockton 0 - Modesto 0
TOP OF THE 3RD
Stockton Ports batting - Pitching for Modesto Nuts : RHP Neal Gregory
Batting: RHB Bobby Old 0-0: Ball
1-0: Called Strike
1-1: Foul Ball, location: 9LDF
1-2: Foul Ball, location: 9LSF
1-2: TRIPLE (Flyball, 89XD, EV 106.9 MPH)
Batting: RHB Eddie Siegal 0-0: Swinging Strike
0-1: Ball
1-1: Ground out 5-3 (Groundball, 56, EV 93.8 MPH)
Batting: RHB Chris Martens 0-0: Fly out, F4 (Line Drive, 4, EV 70.6 MPH)
Batting: RHB Vince Kallman 0-0: SINGLE (Line Drive, 7S, EV 105.0 MPH)
Bobby Old scores
Batting: LHB Willie Taylor 0-0: Fly out, F6 (Popup, 6S, EV 75.0 MPH)
Top of the 3rd over - 1 run, 2 hits, 0 errors, 1 left on base; Stockton 1 - Modesto 0
BOTTOM OF THE 3RD
Modesto Nuts batting - Pitching for Stockton Ports : LHP Mark Straka
Batting: RHB Archie Brown 0-0: Fly out, F8 (Flyball, 78D, EV 83.8 MPH)
Batting: RHB Esteban Galante 0-0: Ball
1-0: Ball
2-0: Ball
3-0: Called Strike
3-1: Fly out, F3 (Line Drive, 3, EV 68.8 MPH)
Batting: SHB John Hardy 0-0: Swinging Strike
0-1: Ball
1-1: Ball
2-1: Swinging Strike
2-2: Ball
3-2: Foul Ball, location: 2F
3-2: SINGLE (Groundball, 6D, EV 99.4 MPH)
Batting: RHB Jorge Jacobo 0-0: Ball
1-0: Ball
2-0: Ball
3-0: Base on Balls
John Hardy to second
Batting: LHB Matt Fahey 0-0: Foul Ball, location: 2F
0-1: Foul Ball, location: 25F
0-2: Ball
1-2: Strikes out looking
Bottom of the 3rd over - 0 runs, 1 hit, 0 errors, 2 left on base; Stockton 1 - Modesto 0
TOP OF THE 4TH
Stockton Ports batting - Pitching for Modesto Nuts : RHP Neal Gregory
Batting: RHB Marco Ramirez 0-0: Ball
1-0: Reached via error on a dropped throw from 1B, E1 (Groundball, 34, EV 85.6 MPH)
Batting: LHB Jim Wall 0-0: Foul Ball, location: 2F
0-1: Ball
1-1: Ball
2-1: Ball
3-1: Swinging Strike
3-2: Foul Ball, location: 9LDF
3-2: SINGLE (Line Drive, 8LS, EV 104.4 MPH)
Marco Ramirez to second
Batting: RHB Hector Ortiz 0-0: Ball
1-0: Ground out U3 (Groundball, 34S, EV 75.6 MPH)
Marco Ramirez to third
Jim Wall to second
Batting: RHB John Crusenberry 0-0: Ball
1-0: SINGLE (Groundball, 6MD, EV 94.4 MPH)
Marco Ramirez scores
Jim Wall to third
Runner from 3rd tries for Home, SAFE, throw by CF to home
Batting: RHB Bobby Old 0-0: Fly out, F3 (Popup, 3SF, EV 68.8 MPH)
Batting: RHB Eddie Siegal 0-0: Ball
1-0: Ball
2-0: Swinging Strike
2-1: Foul Ball, location: 5FF
2-2: Strikes out looking
Top of the 4th over - 2 runs, 2 hits, 1 error, 1 left on base; Stockton 3 - Modesto 0
BOTTOM OF THE 4TH
Modesto Nuts batting - Pitching for Stockton Ports : LHP Mark Straka
Batting: RHB Bryan Renner 0-0: DOUBLE (Flyball, 89D, EV 96.9 MPH)
Batting: RHB Jesus Gutierrez 0-0: Called Strike
0-1: Swinging Strike
0-2: Strikes out looking
Batting: RHB Joe Couch 0-0: Ball
1-0: Ball
2-0: Called Strike
2-1: Ball
3-1: Ground out 1-3 (Groundball, 13, EV 65.0 MPH)
Batting: RHB Danny Morales 0-0: Fly out, F7 (Flyball, 7, EV 87.5 MPH)
Bottom of the 4th over - 0 runs, 1 hit, 0 errors, 1 left on base; Stockton 3 - Modesto 0
TOP OF THE 5TH
Stockton Ports batting - Pitching for Modesto Nuts : RHP Neal Gregory
Batting: RHB Chris Martens 0-0: Ball
1-0: Called Strike
1-1: SINGLE (Line Drive, 3D, EV 100.6 MPH)
Batting: RHB Vince Kallman 0-0: Called Strike
0-1: Ball
1-1: Swinging Strike
1-2: Ball
2-2: Ball
3-2: Fly out, F8 (Flyball, 8LXD, EV 95.0 MPH)
Batting: LHB Willie Taylor 0-0: Ball
1-0: Foul Ball, location: 7LSF
1-1: Ball
2-1: Ball
3-1: Base on Balls
Chris Martens to second
Batting: RHB Marco Ramirez 0-0: SINGLE (Flyball, 3D, EV 83.8 MPH)
Chris Martens to third
Willie Taylor to second
Batting: LHB Jim Wall 0-0: Ball
1-0: Ball
2-0: Ball
3-0: Base on Balls
Chris Martens scores
Willie Taylor to third
Marco Ramirez to second
Batting: RHB Hector Ortiz 0-0: Called Strike
0-1: Ball
1-1: Ball
2-1: DOUBLE (Flyball, 8RD, EV 106.3 MPH)
Willie Taylor scores
Marco Ramirez scores
Jim Wall to third
Pitching: RHP Franklin Lopez
Batting: RHB John Crusenberry 0-0: Ball
1-0: Ball
2-0: Foul Ball, location: 25FF
2-1: SINGLE (Line Drive, 6D, EV 106.3 MPH)
Jim Wall scores
Hector Ortiz to third
Runner from 3rd tries for Home, SAFE, throw by CF to home
Batting: RHB Bobby Old 0-0: Called Strike
0-1: Hit by Pitch
John Crusenberry to second
Batting: RHB Eddie Siegal 0-0: Called Strike
0-1: Ball
1-1: SINGLE (Line Drive, 34D, EV 109.4 MPH)
John Crusenberry to third
Bobby Old to second
Batting: RHB Chris Martens 0-0: Foul Ball, location: 2F
0-1: Foul Ball, location: 2F
0-2: Ball
1-2: Strikes out looking
Batting: RHB Vince Kallman 0-0: Swinging Strike
0-1: Hit by Pitch
John Crusenberry scores
Bobby Old to third
Eddie Siegal to second
Batting: LHB Willie Taylor 0-0: Ground out U3 (Groundball, 3S, EV 84.4 MPH)
Top of the 5th over - 6 runs, 5 hits, 0 errors, 3 left on base; Stockton 9 - Modesto 0
BOTTOM OF THE 5TH
Modesto Nuts batting - Pitching for Stockton Ports : LHP Mark Straka
Batting: RHB Archie Brown 0-0: Swinging Strike
0-1: Ball
1-1: Ball
2-1: Foul Ball, location: 3SF
2-2: Ball
3-2: Strikes out swinging
Batting: RHB Esteban Galante 0-0: Ball
1-0: Swinging Strike
1-1: Ball
2-1: Ball
3-1: Base on Balls
Batting: SHB John Hardy 0-0: Ball
1-0: Swinging Strike
1-1: Swinging Strike
1-2: Ball
2-2: Foul Ball, location: 9LSF
2-2: Strikes out swinging
Batting: RHB Jorge Jacobo 0-0: Called Strike
0-1: Ball
1-1: SINGLE (Line Drive, 5D, EV 96.9 MPH)
Esteban Galante to second
Batting: LHB Matt Fahey 0-0: Called Strike
0-1: Ball
1-1: Ball
Wild Pitch!
Esteban Galante to third
Jorge Jacobo to second
2-1: Ball
3-1: Fly out, F7 (Flyball, 7D, EV 107.5 MPH)
Bottom of the 5th over - 0 runs, 1 hit, 0 errors, 2 left on base; Stockton 9 - Modesto 0
TOP OF THE 6TH
Stockton Ports batting - Pitching for Modesto Nuts : RHP Franklin Lopez
Batting: RHB Marco Ramirez 0-0: Ground out 5-3 (Groundball, 56S, EV 93.8 MPH)
Batting: LHB Jim Wall 0-0: Foul Ball, location: 7LMF
0-1: Swinging Strike
0-2: Ball
1-2: Strikes out looking
Batting: RHB Hector Ortiz 0-0: Foul Ball, location: 2F
0-1: Ball
1-1: Ground out 4-3 (Groundball, 4M, EV 90.6 MPH)
Top of the 6th over - 0 runs, 0 hits, 0 errors, 0 left on base; Stockton 9 - Modesto 0
BOTTOM OF THE 6TH
Modesto Nuts batting - Pitching for Stockton Ports : LHP Mark Straka
Batting: RHB Bryan Renner 0-0: Called Strike
0-1: Foul Ball, location: 5FF
0-2: Foul Ball, location: 2F
0-2: SOLO HOME RUN (Flyball, 9D, EV 92.5 MPH), Distance : 356 ft
Batting: RHB Jesus Gutierrez 0-0: Ball
1-0: Called Strike
1-1: Ball
2-1: Ball
3-1: Base on Balls
Pitching: RHP Matt Trosclair
Batting: RHB Joe Couch 0-0: Ball
1-0: SINGLE (Line Drive, 8RS, EV 91.3 MPH)
Jesus Gutierrez to second
Batting: RHB Danny Morales 0-0: Ball
1-0: Ball
2-0: Ball
3-0: Called Strike
3-1: Called Strike
3-2: Foul Ball, location: 2F
3-2: Base on Balls
Jesus Gutierrez to third
Joe Couch to second
Pinch Hitting: LHB Evan Hood 0-0: Called Strike
0-1: Foul Ball, location: 25FF
0-2: Ball
1-2: Grounds into double play, 3-2-3 (Groundball, 34, EV 96.9 MPH)
Joe Couch to third
Danny Morales to second
Batting: RHB Esteban Galante 0-0: Foul Ball, location: 25F
0-1: Ground out U3 (Groundball, 34, EV 103.8 MPH)
Bottom of the 6th over - 1 run, 2 hits, 0 errors, 2 left on base; Stockton 9 - Modesto 1
TOP OF THE 7TH
Stockton Ports batting - Pitching for Modesto Nuts : RHP Franklin Lopez
Now at SS: Fernando Gallegos
Batting: RHB John Crusenberry 0-0: Called Strike
0-1: Ground out 6-3 (Groundball, 6, EV 88.8 MPH)
Pinch Hitting: RHB Tony de la Cruz 0-0: Called Strike
0-1: Ground out 6-3 (Groundball, 6, EV 82.5 MPH)
Batting: RHB Eddie Siegal 0-0: Called Strike
0-1: Called Strike
0-2: Fly out, F9 (Flyball, 9, EV 92.5 MPH)
Top of the 7th over - 0 runs, 0 hits, 0 errors, 0 left on base; Stockton 9 - Modesto 1
BOTTOM OF THE 7TH
Modesto Nuts batting - Pitching for Stockton Ports : RHP Matt Trosclair
Now at 1B: Bobby Dollar
Batting: SHB John Hardy 0-0: Swinging Strike
0-1: Ball
1-1: Ball
2-1: Ball
3-1: Base on Balls
Pinch Hitting: RHB Danny Piedrahita 0-0: Foul Ball, location: 5F
0-1: Swinging Strike
John Hardy steals 2nd base (no throw)
0-2: TRIPLE (Flyball, 7D, EV 103.8 MPH)
John Hardy scores
Pinch Hitting: RHB Bruce Martinez 0-0: Fly out, F8 (Flyball, 8LM, EV 93.1 MPH)
Runner from 3rd tags up, OUT at HOME! 8-2
Batting: RHB Bryan Renner 0-0: Ball
1-0: Called Strike
1-1: Ball
2-1: Ball
3-1: Called Strike
3-2: Foul Ball, location: 9LSFF
3-2: Foul Ball, location: 5FF
3-2: Ground out 1-4-3 (Groundball, 15S, EV 108.8 MPH)
Bottom of the 7th over - 1 run, 1 hit, 0 errors, 0 left on base; Stockton 9 - Modesto 2
TOP OF THE 8TH
Stockton Ports batting - Pitching for Modesto Nuts : RHP Franklin Lopez
Now in CF: Ruben Reyes
Now in RF: Danny Piedrahita
Batting: RHB Chris Martens 0-0: Called Strike
0-1: Ball
1-1: Foul Ball, location: 2F
1-2: Foul Ball, location: 2F
1-2: Foul Ball, location: 25F
1-2: Foul Ball, location: 2F
1-2: Ground out 4-3 (Groundball, 34D, EV 95.0 MPH)
Pinch Hitting: RHB Shane Hains 0-0: Swinging Strike
0-1: Ball
1-1: Called Strike
1-2: Ball
2-2: Strikes out swinging
Batting: LHB Willie Taylor 0-0: Ball
1-0: Ball
2-0: Foul Ball, location: 2F
2-1: DOUBLE (Groundball, 5L, EV 104.4 MPH)
Batting: RHB Marco Ramirez 0-0: Ball
1-0: Ground out 6-3 (Groundball, 6, EV 110.6 MPH)
Top of the 8th over - 0 runs, 1 hit, 0 errors, 1 left on base; Stockton 9 - Modesto 2
BOTTOM OF THE 8TH
Modesto Nuts batting - Pitching for Stockton Ports : RHP Matt Trosclair
Now in LF: Shane Hains
Batting: RHB Jesus Gutierrez 0-0: Swinging Strike
0-1: Called Strike
0-2: Strikes out swinging
Batting: RHB Joe Couch 0-0: Called Strike
0-1: Fly out, F3 (Popup, 3S, EV 75.0 MPH)
Batting: RHB Danny Morales 0-0: Ball
1-0: Called Strike
1-1: Foul Ball, location: 3FF
1-2: Ground out 4-3 (Groundball, 4M, EV 91.9 MPH)
Bottom of the 8th over - 0 runs, 0 hits, 0 errors, 0 left on base; Stockton 9 - Modesto 2
TOP OF THE 9TH
Stockton Ports batting - Pitching for Modesto Nuts : RHP Franklin Lopez
Batting: LHB Jim Wall 0-0: Called Strike
0-1: Swinging Strike
0-2: Foul Ball, location: 5F
0-2: Ball
1-2: Strikes out swinging
Batting: RHB Hector Ortiz 0-0: Called Strike
0-1: Ball
1-1: Called Strike
1-2: Strikes out looking
Batting: RHB John Crusenberry 0-0: Ball
1-0: Fly out, F9 (Flyball, 89S, EV 90.6 MPH)
Top of the 9th over - 0 runs, 0 hits, 0 errors, 0 left on base; Stockton 9 - Modesto 2
BOTTOM OF THE 9TH
Modesto Nuts batting - Pitching for Stockton Ports : RHP Matt Trosclair
Batting: RHB Fernando Gallegos 0-0: Ball
1-0: Called Strike
1-1: Ball
2-1: Fly out, F4 (Line Drive, 4, EV 66.3 MPH)
Batting: RHB Esteban Galante 0-0: Swinging Strike
0-1: Foul Ball, location: 9LMF
0-2: Foul Ball, location: 7LSF
0-2: Strikes out swinging
Pinch Hitting: RHB Vicente Zavala 0-0: Ball
1-0: Ball
2-0: Ball
3-0: Called Strike
3-1: Foul Ball, location: 2F
3-2: Fly out, F5 (Popup, 5SF, EV 71.9 MPH)
Bottom of the 9th over - 0 runs, 0 hits, 0 errors, 0 left on base; Stockton 9 - Modesto 2
Tuesday, May 14th , 2024 - OOTP Baseball 24.11 Build 85